 Dungeon Crawl Stone Soup version 0.29.1 (webtiles) character file.

Game seed: 15429338335198837627

7750 greasedhog the Spear-Bearer (level 11, -1/92 HPs)
             Began as a Gnoll Wanderer on Sept 14, 2022.
             Was a Believer of Uskayaw.
             Shot with a bolt by a yaktaur (21 damage)
             ... on level 9 of the Dungeon.
             The game lasted 00:14:11 (7709 turns).

greasedhog the Spear-Bearer (Gnoll Wanderer)        Turns: 7709, Time: 00:14:11

Health: -1/92      AC: 17    Str: 17    XL:     11   Next: 20%
Magic:  17/21      EV: 13    Int:  8    God:    Uskayaw [**....]
Gold:   1251       SH:  0    Dex: 14    Spells: 23/23 levels left

rFire   + + .      SeeInvis +   I - +4 bardiche
rCold   . . .      Faith    .   (shield currently unavailable)
rNeg    + . .      Spirit   .   m - +2 chain mail {rPois}
rPois   +          Reflect  .   i - +1 helmet of Resourcefulness {rF++}
rElec   .          Harm     .   t - +0 cloak
rCorr   .          Rampage  .   (no gloves)
Will    .....                   o - +0 pair of boots
Stlth   ..........              B - amulet of regeneration
HPRegen 1.05/turn               D - ring of see invisible
MPRegen 0.17/turn               s - ring "Hyxai" {rPois rN+ EV+4}

@: no status effects
A: fangs 1, strong nose, distributed training
a: Renounce Religion, Stomp, Line Pass


You were on level 9 of the Dungeon.
You worshipped Uskayaw.
Uskayaw was noncommittal.
You visited 1 branch of the dungeon, and saw 9 of its levels.
You also visited: Bailey.

You collected 1524 gold pieces.
You spent 273 gold pieces at shops.

Inventory:

Hand Weapons
 G - a +3 halberd of freezing
 I - a +4 bardiche (weapon)
Armour
 i - the +1 helmet of Resourcefulness (worn) {rF++}
   (You acquired it on level 2 of the Dungeon)

   rF:        It greatly protects you from fire.
 m - a +2 chain mail of poison resistance (worn)
 o - a +0 pair of boots (worn)
 t - a +0 cloak (worn)
Jewellery
 d - a ring of positive energy
 h - an amulet of reflection
 s - the ring "Hyxai" (right hand) {rPois rN+ EV+4}
   (You acquired it on level 2 of the Dungeon)

   [ring of evasion]

   EV:        It affects your evasion (+4).
   rPois:     It protects you from poison.
   rN:        It protects you from negative energy.
 B - an amulet of regeneration (around neck)
 C - a +6 ring of dexterity
 D - a ring of see invisible (left hand)
Wands
 x - a wand of polymorph (11)
 E - a wand of flame (25)
 F - a wand of paralysis (6)
 K - a wand of mindburst (4)
Scrolls
 a - a scroll of enchant armour
 b - 6 scrolls of teleportation
 c - 4 scrolls of fear
 g - 3 scrolls of poison
 k - a scroll of immolation
 n - a scroll of enchant weapon
 q - 2 scrolls of blinking
 u - a scroll of identify
 y - a scroll of amnesia
 z - a scroll of silence
 H - a scroll of vulnerability
 L - a scroll of magic mapping {unknown}
Potions
 e - 2 potions of mutation
 f - 9 potions of curing
 j - a potion of heal wounds
 l - 4 potions of brilliance
 p - 3 potions of lignification
 r - a potion of invisibility
 v - a potion of berserk rage
 w - a potion of ambrosia
 A - a potion of attraction
 J - a potion of degeneration {unknown}


   Skills:
 + Level 10.6 Fighting
 + Level 6.3 Short Blades
 + Level 6.3 Long Blades
 + Level 6.3 Axes
 + Level 6.3 Maces & Flails
 + Level 10.6 Polearms
 + Level 6.3 Staves
 + Level 6.3 Ranged Weapons
 + Level 6.3 Throwing
 + Level 6.3 Armour
 + Level 6.3 Dodging
 + Level 6.3 Stealth
 + Level 6.3 Shields
 + Level 6.3 Unarmed Combat
 + Level 6.9 Spellcasting
 + Level 5.2 Conjurations
 + Level 5.2 Hexes
 + Level 5.2 Summonings
 + Level 5.2 Necromancy
 + Level 5.2 Translocations
 + Level 5.2 Transmutations
 + Level 5.2 Fire Magic
 + Level 5.2 Ice Magic
 + Level 5.2 Air Magic
 + Level 5.2 Earth Magic
 + Level 5.2 Poison Magic
 + Level 7.4 Invocations
 + Level 6.3 Evocations


You had 23 spell levels left.
You didn't know any spells.
Your spell library contained the following spells:

 Spells                   Type           Power      Damage    Failure   Level
 Gell's Gravitas          Tloc           11%        N/A       67%         3
 Teleport Other           Tloc           11%        N/A       67%         3
 Dispersal                Tloc           5%         N/A       100%        6


Dungeon Overview and Level Annotations

Branches:
Dungeon (9/15)             Temple (0/1) D:7          Bailey (visited)
   Lair: D:8-11         Orc: D:9-12

Altars:
Cheibriados
Gozag
Kikubaaqudgha
Makhleb
Nemelex Xobeh
Ru
Sif Muna
Uskayaw
Yredelemnul
The Shining One

Shops:
D:1 =![   D:3 ??

Annotations:
D:5 1 runed translucent door, masschaos23's ghost, novice OpBr


Innate Abilities, Weirdness & Mutations

You have very sharp teeth.
Your uncanny sense of smell can sniff out nearby items.
Your experience applies equally to all skills.


Message History

The centaur warrior kicks you but does no damage.
The centaur warrior closely misses you.
The centaur warrior kicks you but does no damage.
You are too injured to fight recklessly!
You slash the centaur warrior!
You bite the centaur warrior, but do no damage.
The centaur warrior is heavily wounded.
The centaur warrior hits you with a +4 morningstar of protection!
The centaur warrior closely misses you.
The centaur warrior hits you with a +4 morningstar of protection.
The centaur warrior kicks you but does no damage.
You can now pass through a line of other dancers.
You closely miss the centaur warrior.
The centaur warrior is heavily wounded.
The centaur warrior hits you but does no damage.
The centaur warrior kicks you but does no damage.
The centaur warrior hits you with a +4 morningstar of protection!
* * * LOW HITPOINT WARNING * * *
The centaur warrior kicks you but does no damage.
Aiming: Line Pass
Press: ? - help, Dir - move target, p - centaur warrior The centaur warrior appears confused.
A yaktaur comes into view.
It is wielding the +6 quarterstaff "Georuagg" {pain, rF+ rCorr Dex-5}.
You can no longer pass through a line of other dancers.
The yaktaur shouts!
The centaur warrior hits you but does no damage.
The centaur warrior misses you.
You strike the helpless centaur warrior from behind!
You slice the centaur warrior!!
You kill the centaur warrior!
The yaktaur unwields the +6 quarterstaff "Georuagg" {pain, rF+ rCorr Dex-5}.
The yaktaur wields a +0 arbalest.
The yaktaur shoots a bolt.
The bolt hits you.
* * * LOW HITPOINT WARNING * * *
The yaktaur shoots a bolt.
The bolt hits you.
* * * LOW HITPOINT WARNING * * *
You can now pass through a line of other dancers.
The yaktaur shoots a bolt.
The bolt hits you!
* * * LOW HITPOINT WARNING * * *
You feel better.
The yaktaur shoots a bolt.
The bolt hits you!!
You die...

###.# ###...#
##...### ##..###
...##
################
................
###.#########.#####
#...## #.......@.#
#.###.###.#.#.#)#.#
.# ##.##..#.#.#..#
# ∆∆∆##.#.#.....#.#
∆ ∆ ##...#...#..c.#
∆ #.#.#.....#.#.#
#.##..#.#.#..#..
#.# #.#.#.#.#.# .#
..# #.........#


You could see a yaktaur.

Vanquished Creatures
  A two-headed ogre (D:9)
  A centaur warrior (D:9)
  A hornet (D:7)
  Sigmund (D:2)
  A shadow (D:9)
  A wraith (D:9)
  A yak (D:9)
  2 steam dragons
  3 water moccasins
  Duvessa (D:4)
  An ice beast (D:5)
  A black bear (D:6)
  15 orc warriors
  3 ogres
  15 centaurs
  2 bullfrogs (D:7)
  4 kobold brigands
  2 necrophages (D:6)
  A gnoll sergeant (D:9)
  3 scorpions
  3 wights (D:7)
  Dowan (D:4)
  8 killer bees
  A howler monkey (D:4)
  A hound (D:4)
  8 orc priests
  Crazy Yiuf (D:2)
  3 iguanas
  5 orc wizards
  9 gnolls
  4 adders
  A white imp (D:7)
  An ufetubus (D:6)
  3 dart slugs
  39 orcs
  7 ball pythons
  6 endoplasms
  4 giant cockroaches
  12 goblins
  9 hobgoblins
  3 jackals
  17 kobolds
  4 quokkas
  2 bats
  A frilled lizard (D:1)
  5 rats
218 creatures vanquished.

Vanquished Creatures (others)
  A kobold (D:8)
  4 fungi (D:1)
  5 toadstools (D:1)
10 creatures vanquished.

Grand Total: 228 creatures vanquished

Notes
Turn   | Place    | Note
-------+----------+-------------------------------------------
     0 | D:1      | greasedhog the Gnoll Wanderer began the quest for the Orb.
     0 | D:1      | greasedhog set off with the following items: a +3 spear, a
                  | scroll of teleportation, a scroll of fear, a +0 leather
                  | armour.
     0 | D:1      | Reached XP level 1. HP: 26/26 MP: 4/4
    78 | D:1      | Found Itolyum's Armour Shop.
    91 | D:1      | Reached XP level 2. HP: 27/33 MP: 5/5
   219 | D:1      | Found Riudgh's Jewellery Shoppe.
   246 | D:1      | You fall into a shaft and drop 1 floor!
   292 | D:2      | Reached XP level 3. HP: 38/38 MP: 7/7
   382 | D:2      | Reached skill level 1 in Short Blades
   382 | D:2      | Reached skill level 1 in Long Blades
   382 | D:2      | Reached skill level 1 in Axes
   382 | D:2      | Reached skill level 1 in Maces & Flails
   382 | D:2      | Reached skill level 1 in Staves
   382 | D:2      | Reached skill level 1 in Ranged Weapons
   382 | D:2      | Reached skill level 1 in Throwing
   382 | D:2      | Reached skill level 1 in Armour
   382 | D:2      | Reached skill level 1 in Dodging
   382 | D:2      | Reached skill level 1 in Stealth
   382 | D:2      | Reached skill level 1 in Shields
   382 | D:2      | Reached skill level 1 in Unarmed Combat
   382 | D:2      | Reached skill level 1 in Evocations
   556 | D:2      | Noticed Sigmund
   559 | D:2      | Killed Sigmund
   560 | D:2      | Reached skill level 1 in Conjurations
   560 | D:2      | Reached skill level 1 in Hexes
   560 | D:2      | Reached skill level 1 in Summonings
   560 | D:2      | Reached skill level 1 in Necromancy
   560 | D:2      | Reached skill level 1 in Translocations
   560 | D:2      | Reached skill level 1 in Transmutations
   560 | D:2      | Reached skill level 1 in Fire Magic
   560 | D:2      | Reached skill level 1 in Ice Magic
   560 | D:2      | Reached skill level 1 in Air Magic
   560 | D:2      | Reached skill level 1 in Earth Magic
   560 | D:2      | Reached skill level 1 in Poison Magic
   560 | D:2      | Reached XP level 4. HP: 45/45 MP: 8/8
   560 | D:2      | Reached XP level 5. HP: 51/51 MP: 9/9
  1280 | D:1      | Reached XP level 6. HP: 57/57 MP: 11/11
  1346 | D:1      | Found Liom's Distillery.
  1349 | D:1      | Bought a potion of brilliance for 44 gold pieces
  1349 | D:1      | Bought a potion of lignification for 33 gold pieces
  1349 | D:1      | Bought a potion of mutation for 88 gold pieces
  1672 | D:2      | Found a runed translucent door.
  1673 | D:2      | Noticed Crazy Yiuf
  1911 | D:2      | Identified 3 scrolls of acquirement
  1912 | D:2      | Acquired a +2 chain mail of poison resistance
  1925 | D:2      | Acquired the +1 helmet of Resourcefulness {rF++}
  1933 | D:2      | Acquired the ring "Hyxai" {rPois rN+ EV+4}
  1980 | D:2      | Killed Crazy Yiuf
  2493 | D:3      | Found Jusaq's Magic Scroll Boutique.
  2508 | D:3      | Found Tutzif's Magic Scroll Shoppe.
  2516 | D:3      | Bought a scroll of identify for 28 gold pieces
  2516 | D:3      | Bought a scroll of identify for 28 gold pieces
  2516 | D:3      | Bought a scroll of identify for 28 gold pieces
  2523 | D:3      | Bought a scroll of identify for 24 gold pieces
  2683 | D:3      | Found a glowing golden altar of the Shining One.
  2977 | D:4      | Reached XP level 7. HP: 53/63 MP: 12/12
  3221 | D:4      | Noticed Dowan
  3223 | D:4      | Noticed Duvessa
  3242 | D:4      | Killed Duvessa
  3262 | D:4      | Killed Dowan
  3608 | D:4      | Identified the +8 scale mail "Yfec" {MP+9 Dex+2}
  3634 | D:5      | Entered Level 5 of the Dungeon
  3666 | D:5      | Reached XP level 8. HP: 71/71 MP: 14/14
  3911 | D:5      | Found a runed translucent door.
  3913 | D:5      | Noticed masschaos23's ghost (novice OpBr)
  4424 | D:6      | Found a hide-covered altar of Uskayaw.
  4639 | D:6      | Reached skill level 5 in Invocations
  4908 | D:6      | Became a worshipper of Uskayaw the Reveller
  4937 | D:7      | Reached * piety under Uskayaw
  4940 | D:7      | Reached ** piety under Uskayaw
  4945 | D:7      | Reached *** piety under Uskayaw
  4950 | D:7      | Reached **** piety under Uskayaw
  5174 | D:7      | Noticed a hornet
  5186 | D:7      | Reached XP level 9. HP: 64/77 MP: 16/16
  5190 | D:7      | Paralysed by a hornet for 2 turns
  5200 | D:7      | Killed a hornet
  5201 | D:7      | Reached skill level 5 in Spellcasting
  5525 | D:7      | Found a flagged portal.
  5535 | Bailey   | Entered a bailey
  5737 | Bailey   | Reached ***** piety under Uskayaw
  5777 | Bailey   | Reached skill level 5 in Short Blades
  5777 | Bailey   | Reached skill level 5 in Long Blades
  5777 | Bailey   | Reached skill level 5 in Axes
  5777 | Bailey   | Reached skill level 5 in Maces & Flails
  5777 | Bailey   | Reached skill level 5 in Staves
  5777 | Bailey   | Reached skill level 5 in Ranged Weapons
  5777 | Bailey   | Reached skill level 5 in Throwing
  5777 | Bailey   | Reached skill level 5 in Armour
  5777 | Bailey   | Reached skill level 5 in Dodging
  5777 | Bailey   | Reached skill level 5 in Stealth
  5777 | Bailey   | Reached skill level 5 in Shields
  5777 | Bailey   | Reached skill level 5 in Unarmed Combat
  5777 | Bailey   | Reached skill level 5 in Evocations
  5787 | Bailey   | Reached XP level 10. HP: 43/85 MP: 18/18
  6023 | Bailey   | Reached skill level 10 in Fighting
  6023 | Bailey   | Reached skill level 10 in Polearms
  6126 | Bailey   | Reached ****** piety under Uskayaw
  6163 | Bailey   | Acquired 843 gold pieces
  6486 | D:7      | Found a staircase to the Ecumenical Temple.
  7051 | D:8      | Found an opulent altar of Gozag.
  7054 | D:8      | Found a sparkling altar of Nemelex Xobeh.
  7055 | D:8      | Found a sacrificial altar of Ru.
  7056 | D:8      | Found a basalt altar of Yredelemnul.
  7056 | D:8      | Found an ancient bone altar of Kikubaaqudgha.
  7057 | D:8      | Found a snail-covered altar of Cheibriados.
  7059 | D:8      | Found a burning altar of Makhleb.
  7082 | D:8      | Found a shimmering blue altar of Sif Muna.
  7399 | D:8      | Identified the +7 trident "Widowermaker" {speed, rC+ Str+6}
  7608 | D:9      | Noticed a two-headed ogre
  7614 | D:9      | Killed a two-headed ogre
  7615 | D:9      | Reached skill level 5 in Conjurations
  7615 | D:9      | Reached skill level 5 in Hexes
  7615 | D:9      | Reached skill level 5 in Summonings
  7615 | D:9      | Reached skill level 5 in Necromancy
  7615 | D:9      | Reached skill level 5 in Translocations
  7615 | D:9      | Reached skill level 5 in Transmutations
  7615 | D:9      | Reached skill level 5 in Fire Magic
  7615 | D:9      | Reached skill level 5 in Ice Magic
  7615 | D:9      | Reached skill level 5 in Air Magic
  7615 | D:9      | Reached skill level 5 in Earth Magic
  7615 | D:9      | Reached skill level 5 in Poison Magic
  7615 | D:9      | Reached XP level 11. HP: 68/92 MP: 12/21
  7698 | D:9      | Noticed a centaur warrior
  7706 | D:9      | Identified the +6 quarterstaff "Georuagg" {pain, rF+ rCorr
                  | Dex-5}
  7707 | D:9      | Killed a centaur warrior
  7709 | D:9      | Shot with a bolt by a yaktaur

Illustrated notes

Levels and vault maps discovered:
D:1:      pf_arrival_petrified_forest, layout_basic, serial_shops, shop,
          shop_fountains, shop, supply_closet_lemuel, minmay_gold_behind_fungi,
          minmay_three_crescents
D:2:      minmay_razor_zed, layout_basic, uniq_sigmund, uniq_crazy_yiuf_cottage
D:3:      layout_basic, mainiacjoe_overflow_tiny_flanked, serial_shops,
          nicolae_shop_window_shopping, shop, kennysheep_orc_chapel
D:4:      layout_rooms, uniq_duvessa
D:5:      layout_rooms, ebering_ghost_sewer_d
D:6:      layout_loops_ring, nicolae_uskayaw_suspiria
D:7:      layout_layer_cave, minmay_temple_entry_gardened_gates, enter_bailey_2
D:8:      layout_loops_cross, minitemple, lemuel_tele_altar
D:9:      minmay_the_grid_3x2 [minmay_the_grid_dragon_a,
          minmay_the_grid_odd_star, minmay_the_grid_garden,
          minmay_the_grid_mess, minmay_the_grid_gridbox,
          minmay_the_grid_prize_diamond_cup], layout_layer_cave, serial_shops,
          shop_fountains

Skill      XL: |  1  2  3  4  5  6  7  8  9 10 |
---------------+-------------------------------+-----
Short Blades   | 1 2 3 4 5 6 |  6.3
Long Blades    | 1 2 3 4 5 6 |  6.3
Axes           | 1 2 3 4 5 6 |  6.3
Maces & Flails | 1 2 3 4 5 6 |  6.3
Staves         | 1 2 3 4 5 6 |  6.3
Ranged Weapons | 1 2 3 4 5 6 |  6.3
Throwing       | 1 2 3 4 5 6 |  6.3
Armour         | 1 2 3 4 5 6 |  6.3
Dodging        | 1 2 3 4 5 6 |  6.3
Stealth        | 1 2 3 4 5 6 |  6.3
Shields        | 1 2 3 4 5 6 |  6.3
Unarmed Combat | 1 2 3 4 5 6 |  6.3
Evocations     | 1 2 3 4 5 6 |  6.3
Spellcasting   | 3 4 5 6 |  6.9
Conjurations   | 1 2 3 4 5 |  5.2
Hexes          | 1 2 3 4 5 |  5.2
Summonings     | 1 2 3 4 5 |  5.2
Necromancy     | 1 2 3 4 5 |  5.2
Translocations | 1 2 3 4 5 |  5.2
Transmutations | 1 2 3 4 5 |  5.2
Fire Magic     | 1 2 3 4 5 |  5.2
Ice Magic      | 1 2 3 4 5 |  5.2
Air Magic      | 1 2 3 4 5 |  5.2
Earth Magic    | 1 2 3 4 5 |  5.2
Poison Magic   | 1 2 3 4 5 |  5.2
Invocations    | 3 4 5 6 7 |  7.4
Fighting       | 9 10 | 10.6
Polearms       | 9 10 | 10.6

Action                   |  1- 3 |  4- 6 |  7- 9 | 10-12 || total
-------------------------+-------+-------+-------+-------++-------
Melee: Spear             |    70 |   131 |   295 |       ||   496
       Bite              |     4 |     8 |    44 |    14 ||    70
       Punch             |       |     2 |     9 |       ||    11
       Halberd           |       |       |   121 |    64 ||   185
       Bardiche          |       |       |       |   107 ||   107
Invok: Line Pass         |       |       |     1 |     3 ||     4
       Stomp             |       |       |     1 |     2 ||     3
  Use: Scroll            |     2 |    11 |     4 |     3 ||    20
       Potion            |       |       |       |     3 ||     3
 Stab: Sleeping          |     2 |     6 |       |       ||     8
       Paralysed         |       |       |    13 |    13 ||    26
       Confused          |       |       |       |     2 ||     2
Armor: Leather armour    |     8 |       |       |       ||     8
       Robe              |       |     8 |       |       ||     8
       Chain mail        |       |    16 |   151 |    88 ||   255
Dodge: Dodged            |    20 |    28 |   164 |   138 ||   350
Block: Other             |       |    13 |    30 |       ||    43
